 Dungeon Crawl Stone Soup version 0.16.0-16-g311141a (webtiles) character file.

46 McCoppin the Sneak (level 3, -4/21 HPs)
             Began as an Octopode Summoner on Mar 19, 2015.
             Slain by a gnoll
             ... wielding a +0 spear
              (7 damage)
             ... on level 2 of the Dungeon.
             The game lasted 00:03:35 (1985 turns).

McCoppin the Sneak (Octopode Summoner)              Turns: 1985, Time: 00:03:35

Health: -4/21      AC:  1    Str:  7    XL:     3   Next: 68%
Magic:  6/6        EV: 12    Int: 17    God:
Gold:   38         SH:  0    Dex: 13    Spells: 2 memorised, 2 levels left

rFire  . . .     SeeInvis .     f - +0 dagger
rCold  + . .     Clarity  .     (no shield)
rNeg   . . .     SustAb   .     (helmet restricted)
rPois  .         Gourm    .     (no amulet)
rElec  .         Spirit   .     i - ring of protection from cold
rCorr  .         Warding  .     (no ring)
rMut   .         Stasis   .     (no ring)
MR     .....                    (no ring)
Stlth  ++++......               (no ring)
                                (no ring)
                                (no ring)
                                (no ring)

@: not resistant to hostile enchantments, stealthy
A: almost no armour, amphibious, 8 rings, constrict 8, camouflage 1, gelatinous
body 1
a: no special abilities


You were on level 2 of the Dungeon.
You were not hungry.

You visited 1 branch of the dungeon, and saw 2 of its levels.

You collected 38 gold pieces.

Inventory:

Hand weapons
 f - a +0 dagger (weapon)
Jewellery
 i - a ring of protection from cold (left tentacle)
Scrolls
 d - a scroll of enchant armour {unknown}
 h - a scroll of teleportation {unknown}
 j - a scroll of magic mapping {unknown}
 k - a scroll of identify {unknown}
Potions
 e - a potion of heal wounds {unknown}
 g - a potion of curing {unknown}
 l - a potion of cancellation {unknown}
Books
 b - a book of Callings

   Spells                             Type                      Level
   a - Summon Small Mammal            Summoning                    1
   b - Call Imp                       Summoning                    2
   c - Call Canine Familiar           Summoning                    3
   d - Summon Guardian Golem          Hexes/Summoning              4
   e - Summon Lightning Spire         Summoning/Air                4
   f - Summon Ice Beast               Ice/Summoning                4
Comestibles
 a - a meat ration
 c - a bread ration
 m - a chunk of flesh


   Skills:
 - Level 2.0 Dodging
 + Level 5.6 Stealth
 - Level 2.0 Spellcasting
 - Level 4.0 Summonings


You had 2 spell levels left.
You knew the following spells:

 Your Spells              Type           Power        Failure   Level  Hunger
a - Summon Small Mammal   Summ           ###.         3%          1    #......
b - Call Canine Familiar  Summ           ###.....     12%         3    ###....


Dungeon Overview and Level Annotations

Branches:
Dungeon (2/15)

Altars:


Innate Abilities, Weirdness & Mutations

You cannot wear most types of armour.
You are amphibious.
You can wear up to eight rings at the same time.
You can use your tentacles to constrict many enemies at once.
Your skin changes colour to match your surroundings (Stealth).
Your rubbery body absorbs attacks (AC +1).


Message History

The goblin hits your hound but does no damage.
Your hound struggles against the net.
The goblin hits your hound but does no damage.
Your hound struggles against the net.
Your hound struggles to escape the net.
The goblin hits your hound but does no damage.
Your hound struggles against the net.
The goblin hits your hound with a dagger.
Your hound dies!
Your hound's corpse disappears in a puff of smoke!
The goblin hits you with a dagger.
You hit the goblin!
You kill the goblin!
The gnoll hits you from afar with a spear.
The gnoll hits you with a spear.
* * * LOW HITPOINT WARNING * * *
Things that are here:
a dagger; a goblin corpse The gnoll hits you from afar with a spear!
You die...

## .######
.....#### .
#.....g.# ... #g#
#.# #)# #.# #@#
#.# #.#####.#
##.####
#####.......#
####.....#
#.....#######
..##.....###.....#
..##.............#
..##.....###.....#
.###.....# #.....#
.# ##..### #######


You could see a gnoll.

Vanquished Creatures
  A worm (D:2)
  2 giant geckos (D:1)
  An ooze (D:1)
  6 goblins
  3 hobgoblins (D:1)
  A jackal (D:1)
  4 bats
  2 giant cockroaches (D:1)
  A giant newt (D:2)
  3 kobolds (D:1)
  3 rats (D:1)
27 creatures vanquished.

Vanquished Creatures (collateral kills)
  A gnoll (D:2)
  A hobgoblin (D:1)
  2 jackals (D:1)
  A kobold (D:1)
  A rat (D:1)
6 creatures vanquished.

Vanquished Creatures (others)
  A hound (D:2)
  A bat (D:1)
  2 quokkas (D:1)
  A rat (D:1)
5 creatures vanquished.

Grand Total: 38 creatures vanquished

Notes
Turn   | Place    | Note
--------------------------------------------------------------
     0 | D:1      | McCoppin, the Octopode Summoner, began the quest for the Orb.
     0 | D:1      | Reached XP level 1. HP: 11/11 MP: 3/3
   796 | D:1      | Reached XP level 2. HP: 6/17 MP: 0/4
  1513 | D:1      | Reached XP level 3. HP: 19/21 MP: 6/6
  1592 | D:1      | Learned a level 3 spell: Call Canine Familiar
  1659 | D:1      | Reached skill level 5 in Stealth
  1985 | D:2      | Slain by a gnoll

Action                   || total
-------------------------++-------
Melee: Dagger            ||    50
       Unarmed           ||     4
 Cast: Summon Small Mamm ||     6
       Call Canine Famil ||     1
 Stab: Sleeping          ||     9
  Eat: Chunk             ||     3
